Map: Pylon LE

Players

ManlyManMeat

  • Race: Zerg Zerg
  • League: Diamond
  • Spawn Location: 11:00

ZOMBIMARKET - Winner!

  • Race: Terran Terran
  • League: Diamond
  • Spawn Location: 5:00

VOD

Have the link to the VOD?

Description

Time

  • Played on: July 2, 2025, 9:35 a.m.
  • Length: 12:30
Show
View Real Time Build Order
Export as new Build Order

ManlyManMeat Zerg 

Build Orders: Hatch First 

Get SALT Encoding   

  12  0:00  Drone  
  13  0:08  Drone  
  14  0:15  Extractor  
  14  0:16  Drone  
  15  0:23  Overlord  
  16  0:42  Drone  
  16  0:48  Hatchery  
  15  0:51  Drone  
  15  0:54  Drone  
  17  0:59  Drone  
  18  1:08  Extractor  
  17  1:13  Spawning Pool  
  16  1:23  Drone x2  
  18  1:26  Drone  
  19  1:37  Overlord  
  19  1:47  Drone  
  20  1:59  Queen  
  20  2:00  Zergling x2, Queen  
  25  2:02  Zergling x2  
  26  2:10  Drone  
  27  2:17  Drone  
  28  2:25  Drone x2  
  30  2:30  Drone  
  30  2:31  Metabolic Boost  
  30  2:44  Hatchery  
  30  2:47  Overlord  
  29  3:04  Overlord  
  29  3:08  Zergling x6  
  29  3:11  Drone x2  
  34  3:15  Queen  
  36  3:24  Drone x2  
  36  3:25  Drone x2  
  40  3:33  Queen  
  42  3:34  Overlord x2  
  42  3:58  Hatchery  
  40  4:03  Zergling x6  
  40  4:05  Drone x3  
  40  4:09  Baneling Nest, Extractor  
  44  4:23  Drone x3  
  44  4:24  Drone  
  48  4:25  Zergling x6  
  48  4:26  Zergling x8  
  55  4:32  Drone x2  
  56  4:45  Drone x3  
  58  4:48  Evolution Chamber  
  55  4:57  Roach Warren  
  53  5:08  Queen  
  53  5:10  Drone x2  
  53  5:12  Lair  
  53  5:14  Zerg Missile Weapons Level 1  
  57  5:18  Evolution Chamber  
  53  5:36  Spore Crawler  
  53  5:37  Roach x6, Spore Crawler  
  53  5:38  Roach x2  
  53  5:41  Drone  
  53  5:42  Drone x2  
  52  5:55  Roach x3  
  53  5:58  Drone  
  51  6:21  Drone x2  
  51  6:22  Drone  
  54  6:27  Roach x2  
  58  6:41  Drone x4  
  58  6:42  Drone  
  63  6:56  Spire  
  62  7:05  Drone x3  
  65  7:24  Overlord x2  
  65  7:30  Overlord x2  
  65  7:32  Glial Reconstitution  
  65  7:51  Drone x5  
  66  7:52  Drone x5  
  66  7:53  Drone  
  74  8:09  Drone x2  
  74  8:10  Drone x4, Extractor  
  74  8:11  Drone, Extractor  
  74  8:12  Drone  
  80  8:13  Drone  
  81  8:21  Spore Crawler  
  81  8:22  Spore Crawler  
  81  8:23  Spore Crawler  
  81  8:25  Spore Crawler  
  71  8:38  Burrow  
  55  8:49  Corruptor  
  55  8:50  Corruptor x2, Roach x3  
  65  9:02  Corruptor  
  65  9:04  Zergling x8, Roach x2  
  75  9:18  Roach x5  
  75  9:21  Drone x3  
  75  9:22  Drone  
  86  9:47  Roach  
  86  9:48  Overlord x3  
  88  9:56  Roach  
  88  9:57  Drone  
  88  9:58  Overlord x3  
  89  10:09  Roach x11  
  110  10:26  Corruptor  
  112  10:32  Hatchery  
  111  10:42  Roach x7  
  125  10:52  Drone x3  
  128  10:58  Roach x3  
  128  10:59  Roach x2  
  134  11:36  Roach x11  
  110  11:46  Hatchery  
  110  11:47  Roach x11  
  105  11:57  Roach x5  
  100  12:11  Roach x6  
Show
View Real Time Build Order
Export as new Build Order

ZOMBIMARKET Terran - Winner!

Build Orders:  

Get SALT Encoding   

  12  0:00  SCV  
  13  0:13  SCV  
  14  0:17  Supply Depot  
  14  0:25  SCV  
  15  0:32  Refinery  
  15  0:41  Barracks  
  15  0:44  SCV  
  16  0:56  SCV  
  17  1:08  SCV  
  18  1:20  SCV  
  19  1:28  Barracks Reactor  
  19  1:33  Orbital Command  
  19  1:48  Command Center  
  19  1:59  Factory  
  19  2:04  Marine x2  
  21  2:12  Supply Depot  
  21  2:22  Marine x2  
  23  2:40  Refinery  
  23  2:47  Starport  
  23  2:54  Hellion x2  
  23  2:58  Barracks Tech Lab  
  27  3:00  Orbital Command  
  27  3:01  SCV  
  28  3:13  Bunker  
  28  3:15  Hellion  
  30  3:29  Fusion Core  
  30  3:32  SCV  
  30  3:33  SCV  
  32  3:47  Hellion  
  35  3:48  SCV  
  35  3:50  SCV  
  36  3:56  Refinery  
  36  4:00  SCV  
  37  4:07  SCV  
  38  4:14  Hellion x2  
  42  4:52  Command Center  
  42  4:56  SCV  
  42  4:59  SCV  
  44  5:09  SCV  
  45  5:14  Supply Depot  
  45  5:17  Supply Depot  
  45  5:21  Supply Depot  
  45  5:26  SCV  
  45  5:28  Supply Depot  
  46  5:36  Battlecruiser, SCV  
  53  5:49  SCV x2  
  47  6:05  SCV x2  
  47  6:06  Orbital Command  
  47  6:09  Armory  
  45  6:15  Refinery  
  45  6:17  SCV x2  
  47  6:20  Factory  
  47  6:22  Factory Tech Lab  
  47  6:25  Factory  
  47  6:29  SCV x2  
  47  6:30  Supply Depot  
  47  6:31  SCV  
  50  6:41  SCV x2  
  50  6:43  SCV  
  53  6:47  Supply Depot, Factory  
  53  6:53  SCV x2  
  54  6:56  SCV  
  55  7:01  Cyclone  
  55  7:03  Mag-Field Accelerator  
  55  7:04  Factory Tech Lab  
  55  7:05  SCV x2  
  55  7:08  SCV  
  61  7:17  Terran Vehicle And Ship Armor Level 1, SCV  
  61  7:18  SCV, Armory  
  61  7:20  SCV  
  64  7:24  Cyclone  
  67  7:32  Factory Tech Lab  
  67  7:33  Cyclone  
  67  7:34  Factory, SCV x2  
  67  7:36  SCV  
  72  7:51  Cyclone  
  75  7:53  Hellion x2, Orbital Command, Starport Tech Lab  
  75  7:54  SCV x2  
  75  7:56  Cyclone  
  84  8:06  Hellion  
  84  8:09  SCV  
  87  8:12  Command Center  
  87  8:14  Hellion, Supply Depot x2  
  87  8:16  Raven, Supply Depot  
  87  8:18  Cyclone  
  94  8:20  Infernal Pre-Igniter  
  94  8:23  Cyclone  
  94  8:27  Cyclone  
  94  8:35  SCV x2  
  90  8:48  SCV  
  90  8:50  SCV x2  
  93  8:56  Refinery x2  
  93  9:00  SCV  
  93  9:01  Command Center  
  93  9:02  SCV x2  
  96  9:04  Supply Depot  
  96  9:05  Supply Depot  
  96  9:11  Cyclone  
  96  9:12  Cyclone x2  
  96  9:13  Hellion, SCV  
  96  9:14  SCV  
  109  9:26  SCV x2  
  109  9:28  Supply Depot  
  109  9:30  Supply Depot, Factory  
  111  9:31  SCV  
  111  9:32  Factory  
  111  9:35  Supply Depot  
  111  9:38  Engineering Bay, SCV  
  111  9:47  SCV  
  111  9:48  SCV  
  111  9:51  Cyclone  
  111  9:52  Cyclone  
  119  9:57  SCV  
  119  9:59  SCV  
  120  10:03  Supply Depot  
  120  10:09  SCV x2  
  120  10:10  Missile Turret x2  
  120  10:11  SCV  
  120  10:12  Missile Turret  
  123  10:16  Cyclone x2  
  129  10:28  Command Center  
  129  10:29  Refinery  
  129  10:30  Planetary Fortress  
  129  10:32  SCV  
  129  10:34  Refinery  
  130  10:35  Neosteel Armor  
  130  10:40  Cyclone x2  
  132  10:50  SCV  
  132  10:51  SCV  
  132  10:53  Factory  
  134  11:05  Hellion x4  
  134  11:06  Factory Tech Lab  
  134  11:08  Factory Tech Lab  
  134  11:09  Supply Depot  
  142  11:13  Hellion x2  
  142  11:15  SCV  
  142  11:16  Missile Turret  
  147  11:23  Planetary Fortress  
  147  11:26  Cyclone x2  
  147  11:27  Hellion x2  
  134  11:47  Hellion x2, Cyclone x2  
  134  11:52  Raven  
  140  11:58  Cyclone x2  
  140  11:59  Hellion x2  
Tags
 
Matchup
TvZ
Replay Pack
Myownreplay2
Spawn Locations
Cross Positions
Add a new tag
Caveats
  • Supply blocks, unpowered buildings, or Contaminate may cause inaccurate times.
  • Supply counts are checked every 10 seconds.